 Dungeon Crawl Stone Soup version 0.24-a0-307-gf989941d98 (webtiles) character file.

Game seed: 7440480118613561132

6401 Esekla the Slicer (level 10, -2/68 HPs)
             Began as an Octopode Wizard on May 13, 2019.
             Slain by a porcupine (11 damage)
             ... on level 10 of the Dungeon.
             The game lasted 01:33:00 (11938 turns).

Esekla the Slicer (Octopode Wizard)                Turns: 11938, Time: 01:33:04

Health: -2/68      AC:  3    Str:  9    XL:     10   Next: 98%
Magic:  13/15      EV: 13    Int: 25    God:
Gold:   392        SH:  8    Dex: 10    Spells: 7/15 levels left

rFire    . . .     SeeInvis .   v - +3 dagger (venom)
rCold    . . .     Gourm    .   a - +1 shield
rNeg     . . .     Faith    .   y - +2 hat
rPois    +         Spirit   .   (no amulet)
rElec    .         Reflect  .   e - +3 ring of intelligence
rCorr    .         Harm     .   x - ring of poison resistance
MR       .....                  (no ring)
Stlth    ++++......             (no ring)
HPRegen  0.21/turn              (no ring)
MPRegen  0.14/turn              (no ring)
                                (no ring)
                                (no ring)

@: very slightly contaminated
A: almost no armour, stealthy swim, amphibious, 8 rings, constrict 8, camouflage
1, gelatinous body 1
a: no special abilities


You were on level 10 of the Dungeon.
You were not hungry.

You visited 2 branches of the dungeon, and saw 14 of its levels.

You collected 440 gold pieces.
You spent 48 gold pieces at shops.

Inventory:

Hand Weapons
 h - a +0 dagger of holy wrath
 l - a +1 short sword of draining
 s - a +2 dagger of venom
 v - a +3 dagger of venom (weapon)
 D - a +0 trident
Missiles
 j - 5 boomerangs (quivered)
Armour
 a - a +1 shield (worn)
 y - a +2 hat (worn)
Jewellery
 e - a +3 ring of intelligence (left tentacle)
 x - a ring of poison resistance (right tentacle)
Wands
 i - a wand of enslavement (12)
 w - a wand of digging (4)
 z - a wand of disintegration (20)
Scrolls
 d - 3 scrolls of remove curse
 g - 2 scrolls of enchant armour
 m - a scroll of fear
 n - 3 scrolls of amnesia
 A - a scroll of blinking
Potions
 f - a potion of ambrosia
 o - 3 potions of flight
 q - a potion of magic
 r - a potion of curing
 t - 3 potions of heal wounds
 u - 2 potions of resistance
 B - a potion of haste
 C - a potion of mutation
 F - 2 potions of berserk rage
Comestibles
 c - 22 rations


   Skills:
 + Level 6.3 Fighting
 * Level 9.6 Short Blades
 - Level 0.1 Polearms
 + Level 0.4 Throwing
 + Level 5.9 Dodging
 + Level 5.0 Stealth
 * Level 2.3 Shields
 + Level 3.4 Spellcasting
 + Level 3.9 Conjurations
   Level 1.0 Summonings
 + Level 1.5 Translocations
 + Level 4.2 Fire Magic
 + Level 4.3 Air Magic
 + Level 5.3 Poison Magic


You had 7 spell levels left.
You knew the following spells:

 Your Spells              Type           Power        Failure   Level  Hunger
b - Blink                 Tloc           N/A          38%         2    #......
c - Mephitic Cloud        Conj/Pois/Air  ####....     24%         3    ###....
f - Conjure Flame         Conj/Fire      ###.....     28%         3    ###....

Your spell library contained the following spells:

 Spells                   Type           Power        Failure   Level  Hunger
 Magic Dart               Conj           ###.         10%         1    None
 Sandblast                Erth           #.....       45%         1    None
 Call Imp                 Summ           #.......     45%         2    #......
 Stone Arrow              Conj/Erth      ##....       56%         3    ###....
 Passwall                 Tmut/Erth      #.......     58%         2    #......
 Slow                     Hex            #.......     58%         2    #......
 Petrify                  Tmut/Erth      #.......     99%         4    ####...
 Lee's Rapid Deconstruct  Erth           #.........   100%        5    ######.


Dungeon Overview and Level Annotations

Branches:
Dungeon (13/15)            Temple (1/1) D:4            Lair (0/6) D:11
    Orc: D:9-12      Vaults: D:13-14

Altars:
Ashenzari
Cheibriados
Dithmenos
Elyvilon
Fedhas
Gozag
Hepliaklqana
Kikubaaqudgha
Makhleb
Nemelex Xobeh
Okawaru
Qazlal
Ru
Sif Muna
Trog
Uskayaw
Vehumet
Wu Jian
Xom
Yredelemnul
Zin
The Shining One

Shops:
D:5 !   D:8 [   D:9 [

Annotations:
D:13 Urug


Innate Abilities, Weirdness & Mutations

You cannot wear most types of armour.
You are very stealthy in the water. (Stealth+)
You are amphibious.
You can wear up to eight rings at the same time.
You can use your tentacles to constrict eight enemies at once.
Your skin changes colour to match your surroundings (Stealth+).
Your rubbery body absorbs attacks. (AC +1, EV +1)


Message History

You are struck by the porcupine's spines.
* * * LOW HITPOINT WARNING * * *
You hit the porcupine but do no damage.
The porcupine is poisoned.
Your attack snaps the porcupine out of its fear.
You squeeze the porcupine.
The porcupine is moderately wounded.
You block the porcupine's attack. You block the porcupine's attack.
A worker ant zombie comes into view.
The worker ant zombie moves out of view.
You see here a wand of polymorph (8).
The porcupine bites you!
* * * LOW HITPOINT WARNING * * *
Casting: Mephitic Cloud (safe; 24% risk of failure)
Confirm with . or Enter, or press ? or * to list all spells.
You miscast Blink.
You are very lightly contaminated with residual magic.
You catch a glimpse of the back of your own head.
The porcupine bites you!
You die...

#####################
.........../r@.......
o......>.............
##################.##


You could see a porcupine.

Vanquished Creatures
  3 centaur skeletons
  A troll (D:6)
  A hippogriff (D:6)
  Sigmund (D:4)
  A shadow (D:13)
  Eustachio (D:5)
  A steam dragon (D:7)
  A hungry ghost (D:8)
  Menkaure (D:5)
  Edmund (D:5)
  3 orc warriors
  3 sky beasts (D:7)
  2 ice beasts
  An eye of draining (D:12)
  A phantom (D:5)
  A black bear (D:12)
  2 centaurs (D:8)
  9 ogres
  A crocodile (D:8)
  3 bullfrogs
  A wyvern skeleton (D:8)
  A scorpion (D:2)
  A howler monkey (D:5)
  2 crimson imps
  3 bullfrog zombies
  3 centaur zombies
  A bullfrog skeleton (D:6)
  2 orc priests
  A jelly (D:12)
  A gnoll shaman (D:7)
  7 hounds
  6 orc wizards
  3 iguanas
  6 worker ants
  4 worker ant zombies
  12 gnolls
  A howler monkey zombie (D:5)
  6 adders
  2 shadow imps
  2 oozes
  An adder zombie (D:6)
  5 worms
  A dart slug (D:1)
  4 leopard geckos
  31 orcs
  2 ball pythons
  5 bats
  5 giant cockroaches
  11 goblins
  11 hobgoblins
  9 jackals
  2 quokkas
  A ball python skeleton (D:6)
  8 frilled lizards
  A giant cockroach zombie (D:6)
  A jackal skeleton (D:6)
  14 kobolds
  A leopard gecko zombie (D:8)
  5 rats
221 creatures vanquished.

Vanquished Creatures (others)
  4 fungi (D:11)
4 creatures vanquished.

Grand Total: 225 creatures vanquished

Notes
Turn   | Place    | Note
-------+----------+-------------------------------------------
     0 | D:1      | Esekla the Octopode Wizard began the quest for the Orb.
     0 | D:1      | Reached XP level 1. HP: 11/11 MP: 4/4
   247 | D:1      | Reached XP level 2. HP: 11/18 MP: 6/6
   251 | D:1      | Learned a level 2 spell: Blink
   347 | D:1      | Reached skill level 1 in Fighting
   810 | D:1      | Reached XP level 3. HP: 23/23 MP: 7/7
   822 | D:1      | Reached skill level 1 in Short Blades
  1233 | D:2      | Reached XP level 4. HP: 29/29 MP: 8/8
  1247 | D:2      | Learned a level 3 spell: Mephitic Cloud
  1410 | D:2      | Reached skill level 2 in Short Blades
  1410 | D:2      | Reached skill level 1 in Poison Magic
  1410 | D:2      | Reached XP level 5. HP: 17/34 MP: 3/9
  1764 | D:2      | Found a sacrificial altar of Ru.
  1764 | D:2      | Found a snail-covered altar of Cheibriados.
  1769 | D:2      | Found a sparkling altar of Nemelex Xobeh.
  1771 | D:2      | Found a burning altar of Makhleb.
  1772 | D:2      | Found an ornate altar of the Wu Jian Council.
  2225 | D:3      | Reached skill level 1 in Air Magic
  2711 | D:4      | Found a staircase to the Ecumenical Temple.
  2822 | D:4      | Reached skill level 3 in Short Blades
  2880 | D:4      | Found a shattered altar of Ashenzari.
  2882 | D:4      | Found a hide-covered altar of Uskayaw.
  2882 | D:4      | Found a bloodstained altar of Trog.
  2884 | D:4      | Found a bloodstained altar of Trog.
  2884 | D:4      | Found a shimmering altar of Xom.
  2884 | D:4      | Found a shadowy altar of Dithmenos.
  2912 | D:4      | Noticed Sigmund
  2919 | D:4      | Killed Sigmund
  2919 | D:4      | Reached XP level 6. HP: 38/41 MP: 10/10
  3295 | D:4      | Found a glowing silver altar of Zin.
  3295 | D:4      | Found an opulent altar of Gozag.
  3480 | Temple   | Entered the Ecumenical Temple
  3748 | D:5      | Entered Level 5 of the Dungeon
  3764 | D:5      | Reached skill level 4 in Short Blades
  3764 | D:5      | Reached XP level 7. HP: 45/45 MP: 11/11
  3834 | D:4      | Learned a level 3 spell: Conjure Flame
  4318 | D:5      | Found Ohacifeg's Distillery.
  4324 | D:5      | Noticed Menkaure
  4333 | D:5      | Killed Menkaure
  4352 | D:5      | Bought a potion of degeneration for 12 gold pieces
  4357 | D:5      | Bought a potion of curing for 36 gold pieces
  4702 | D:5      | Reached skill level 5 in Short Blades
  4860 | D:5      | Noticed Eustachio
  4871 | D:5      | Killed Eustachio
  4871 | D:5      | Reached skill level 1 in Fire Magic
  4871 | D:5      | Reached XP level 8. HP: 51/51 MP: 8/12
  4976 | D:5      | Noticed Edmund
  5002 | D:5      | Killed Edmund
  5143 | D:5      | Reached skill level 6 in Short Blades
  5505 | D:6      | Found a stormy altar of Qazlal.
  5586 | D:6      | Noticed a troll
  5598 | D:6      | Killed a troll
  5746 | D:6      | Noticed a hippogriff
  5777 | D:6      | Reached XP level 9. HP: 54/57 MP: 11/13
  5840 | D:6      | Reached skill level 7 in Short Blades
  6771 | D:7      | Found an iron altar of Okawaru.
  6772 | D:7      | Found a shadowy altar of Dithmenos.
  7400 | D:7      | Reached skill level 5 in Dodging
  7490 | D:7      | Reached skill level 5 in Poison Magic
  8120 | D:8      | Reached skill level 8 in Short Blades
  8459 | D:8      | Reached XP level 10. HP: 65/65 MP: 14/14
  8507 | D:8      | Found a white marble altar of Elyvilon.
  8654 | D:8      | Reached skill level 5 in Fighting
  8790 | D:8      | Found a snail-covered altar of Cheibriados.
  8791 | D:8      | Found Cheibriados's Comfort Zone.
 10037 | D:8      | Found a basalt altar of Yredelemnul.
 10077 | D:9      | Found Saoczahal's Antique Armour Shop.
 10250 | D:9      | You fall through a shaft for 3 floors!
 10849 | D:12     | Reached skill level 9 in Short Blades
 11190 | D:13     | Reached skill level 1 in Shields
 11800 | D:13     | Noticed Urug
 11885 | D:12     | Reached skill level 5 in Stealth
 11901 | D:11     | Noticed a brown ugly thing
 11912 | D:11     | Found a staircase to the Lair.
 11930 | D:10     | Entered Level 10 of the Dungeon
 11938 | D:10     | Slain by a porcupine

Levels and vault maps discovered:
D:1:      evilmike_arrival_fibonacci_small, layout_loops_ring,
          hangedman_decor_growths, kennysheep_boxes
D:2:      layout_basic, chequers_temple_overflow_minitemple,
          kennysheep_big_empty_room
D:3:      layout_loops_corners, first_ration, kennysheep_generic_room_7
D:4:      layout_loops_cross, grunt_temple_overflow_gold_and_silver,
          doesnt_xom_only_xom, minmay_temple_entry_overgrown, uniq_sigmund
D:5:      layout_layer_cave, serial_shops, shop, minmay_misc_feat_diagonals,
          uniq_menkaure, uniq_eustachio, uniq_edmund
D:6:      layout_layer_cave, grunt_qazlal_clouds, minmay_liquid_box,
          chequers_garden, minmay_ogre_servants
D:7:      layout_loops_cross, chequers_temple_overflow_statue_of_worship,
          grunt_ogre_cave
D:8:      layout_basic, elyvilon_altar_1, lemuel_coloured_pillars_altar,
          minmay_shop_chei, hangedman_abyss_or_decor_jellyfish_corner
D:9:      layout_basic, serial_shops, nicolae_shop_overgrown_old_shop,
          uniq_pikel
D:10:     layout_long_grid, hiddenorc1_lemuel, uniq_erolcha
D:11:     layout_cave_pools, due_lair_maze_entry_diamond, uniq_gastronok
D:12:     layout_roguey
D:13:     layout_irregular_city, eino_small_chamber_without_monster, hex_tiny,
          uniq_urug
Temple:   jpeg_temple_island

Skill      XL: |  1  2  3  4  5  6  7  8  9 10 |
---------------+-------------------------------+-----
Fighting       | 1 2 3 4 6 |  6.3
Short Blades   | 1 2 3 4 5 6 8 9 |  9.6
Poison Magic   | 1 2 4 5 |  5.3
Air Magic      | 1 2 3 4 |  4.3
Dodging        | 3 4 5 |  5.9
Conjurations   | 2 3 |  3.9
Fire Magic     | 1 2 4 |  4.2
Stealth        | 5 |  5.0
Shields        | 2 |  2.3
Polearms       | |  0.1
Throwing       | |  0.4
Spellcasting   | |  3.4
Summonings     | |  1.0
Translocations | |  1.5

Action                   |  1- 3 |  4- 6 |  7- 9 | 10-12 || total
-------------------------+-------+-------+-------+-------++-------
Melee: Unarmed           |     9 |       |       |       ||     9
       Mace              |     4 |       |       |       ||     4
       Constrict         |    17 |    20 |    52 |    22 ||   111
       Short sword       |    28 |       |       |       ||    28
       Tentacles         |     8 |    11 |    49 |    52 ||   120
       Dagger            |    37 |    75 |   342 |   279 ||   733
       Spear             |       |       |       |    26 ||    26
Throw: Boomerang         |       |       |       |     8 ||     8
 Cast: Magic Dart        |    20 |    12 |    51 |    11 ||    94
       Blink             |     2 |       |     1 |     1 ||     4
       Mephitic Cloud    |       |       |    11 |     3 ||    14
       Conjure Flame     |       |       |       |     2 ||     2
  Use: Scroll            |       |       |       |    21 ||    21
       Potion            |       |       |       |     1 ||     1
 Stab: Sleeping          |     9 |    14 |    16 |     9 ||    48
       Confused          |       |       |    13 |     4 ||    17
       Distracted        |       |       |     1 |       ||     1
  Eat: Ration            |     1 |     2 |     5 |     3 ||    11
Armor: Skin              |     3 |     3 |    12 |    11 ||    29
Dodge: Dodged            |    52 |    34 |   122 |    95 ||   303
Block: Shield            |       |       |       |    35 ||    35

Table legend:
 A = Non-vault XP
 B = Vault XP
 C = Vault XP percentage of total XP
 D = Non-vault monster count
 E = Vault monster count
 F = Vault count percentage of total count
                 A         B        C        D         E       F
            +---------+---------+-------+---------+---------+-------
      Total |    8164 |     981 |  10.7 |     205 |      16 |   7.2
            +---------+---------+-------+---------+---------+-------
        D:1 |      61 |       0 |   0.0 |      33 |       0 |   0.0
        D:2 |     114 |       0 |   0.0 |      13 |       0 |   0.0
        D:3 |      25 |       5 |  16.7 |      15 |       2 |  11.8
        D:4 |     178 |     223 |  55.6 |      11 |       1 |   8.3
        D:5 |     613 |     512 |  45.5 |      20 |       3 |  13.0
        D:6 |    1032 |     128 |  11.0 |      19 |       9 |  32.1
        D:7 |    1429 |     113 |   7.3 |      30 |       1 |   3.2
        D:8 |    1480 |       0 |   0.0 |      32 |       0 |   0.0
        D:9 |      78 |       0 |   0.0 |       4 |       0 |   0.0
       D:12 |    1561 |       0 |   0.0 |      18 |       0 |   0.0
       D:13 |    1593 |       0 |   0.0 |      10 |       0 |   0.0
            +---------+---------+-------+---------+---------+-------
